 Dungeon Crawl Stone Soup version 0.14.1-27-g0f46f74 (webtiles) character file.

527 Magnakai the Magician (level 6, -1/35 HPs)
             Began as a Deep Elf Skald on Aug 3, 2014.
             Was a Follower of Sif Muna.
             Slain by Pikel
             ... wielding a +1,+2 whip of freezing
              (2 damage)
             ... on Level 5 of the Dungeon.
             The game lasted 00:56:55 (3357 turns).

Magnakai the Magician (Deep Elf Skald)              Turns: 3357, Time: 00:56:55

HP  -1/35        AC  8     Str 10      XL: 6   Next: 42%
MP   0/22        EV 12     Int 17      God: Sif Muna [*.....]
Gold 156         SH  0     Dex 15      Spells:  5 memorised,  6 levels left

rFire  + . .     SeeInvis +     a - +2,+0 mace
rCold  + . .     Clarity  .     g - +2 robe {rC+ rF+}
rNeg   . . .     Conserve .     (no shield)
rPois  .         rCorr    +     h - +2 helmet
rElec  .         rRot     .     w - +0 cloak
SustAb . .       Spirit   .     (no gloves)
rMut   .         Warding  .     (no boots)
Saprov . . .     Rnd*Tele +     q - amulet of resist corrosion
MR     .....                    s - ring of teleportation
                                p - ring of see invisible

@: regenerating, very slightly contaminated, hasted, very quick, not resistant
to hostile enchantments, fairly stealthy
A: no striking features
a: Channel Energy, Renounce Religion, Evoke Teleportation


You were on level 5 of the Dungeon.
You worshipped Sif Muna.
Sif Muna was aware of your devotion.
You were starving.

You visited 2 branches of the dungeon, and saw 6 of its levels.

You collected 156 gold pieces.

Inventory:

Hand weapons
 a - a +2,+0 mace (weapon)
 b - a +0,+0 sling
Missiles
 i - 25 stones (quivered)
 n - 77 sling bullets
Armour
 g - a +2 robe of resistance (worn)
 h - a +2 helmet (worn)
 w - a +0 cloak (worn)
 y - a +2 leather armour of poison resistance
Comestibles
 d - 3 bread rations
 k - a pear
 u - 11 grapes
 v - a choko
Scrolls
 o - a scroll of remove curse
 r - 3 scrolls of recharging
Jewellery
 p - a ring of see invisible (left hand)
 q - an amulet of resist corrosion (around neck)
 s - a ring of teleportation (right hand)
Potions
 e - 2 potions of flight
 j - a potion of haste
 l - a potion of might {unknown}
Books
 c - a book of Battle

   Spells                             Type                      Level
   *Infusion                          Charms                       1
   *Shroud of Golubria                Charms/Translocation         2
   *Song of Slaying                   Charms                       2
   *Spectral Weapon                   Hexes/Charms                 3
   *Regeneration                      Charms/Necromancy            3


   Skills:
 - Level 2.0 Fighting
 - Level 2.1 Maces & Flails
 - Level 1.0 Armour
 - Level 2.0 Dodging
 - Level 1.0 Stealth
 - Level 6.2 Spellcasting
 - Level 5.5 Charms
 + Level 1.3 Necromancy
 - Level 2.1 Translocations
 - Level 1.2 Invocations


You had 6 spell levels left.
You knew the following spells:

 Your Spells              Type           Power        Failure   Level  Hunger
a - Infusion              Chrm           ###...       1%          1    None
b - Regeneration          Chrm/Necr      ###.......   10%         3    ##.....
c - Shroud of Golubria    Chrm/Tloc      ###.......   4%          2    None
d - Song of Slaying       Chrm           ###.....     1%          2    None
e - Spectral Weapon       Hex/Chrm       ##......     14%         3    ##.....


Dungeon Overview and Level Annotations

Branches:
Dungeon (5/15)             Temple (1/1) D:4

Altars:
Ashenzari
Cheibriados
Dithmenos
Elyvilon
Sif Muna
Trog

Annotations:
D:5 Pikel


Message History

You hit Pikel but do no damage.
Pikel is moderately wounded.
You are feeling less magically infused.
Pikel misses you.
Casting: Regeneration
Confirm with . or Enter, or press ? or * to list all spells.
Okay, then.
You closely miss Pikel.
Pikel is moderately wounded.
Pikel hits you with a whip of freezing.
* * * LOW HITPOINT WARNING * * *
You hit Pikel.
Pikel is moderately wounded.
You are starving!
You hit Pikel but do no damage.
Pikel is moderately wounded.
Pikel hits you with a whip of freezing!
* * * LOW HITPOINT WARNING * * *
Pikel freezes you.
You die...

....>....# ####.#.###
#...## ##..# #..# # ##.#
.####.########
..@..K....[..# ###
.##.......##.# #@#
#.###(..##.###K#####
#.##.(.(..@@.@@....#
#!##....##.###.###.#
#.#.....##....<....#
#..........###.###.#######
###..##.#####..# #.......#
#...#.# #..# #######.###
#.#.#.# #..# ####......#


You could see Pikel and 2 slaves.

Vanquished Creatures
  A slave (D:5)
  A sky beast (D:4)
  A scorpion (D:5)
  A jelly (D:5)
  2 worker ants
  2 orc wizards
  Ijyb (D:2)
  2 adders
  A worm (D:4)
  3 giant geckos
  2 oozes
  10 orcs
  A giant mite zombie (D:5)
  5 goblins
  10 hobgoblins
  3 kobolds
  3 quokkas
  A ball python (D:4)
  2 bats
  4 giant cockroaches
  3 giant newts
  7 rats
66 creatures vanquished.

Notes
Turn   | Place    | Note
--------------------------------------------------------------
     0 | D:1      | Magnakai, the Deep Elf Skald, began the quest for the Orb.
     0 | D:1      | Reached XP level 1. HP: 12/12 MP: 5/5
   247 | D:1      | Reached XP level 2. HP: 16/16 MP: 3/8
   971 | D:2      | Found a deep blue altar of Sif Muna.
   974 | D:2      | Became a worshipper of Sif Muna the Loreminder
  1108 | D:2      | Reached XP level 3. HP: 16/20 MP: 9/12
  1261 | D:2      | Noticed Ijyb
  1276 | D:2      | Killed Ijyb
  1276 | D:2      | Reached skill level 5 in Charms
  1283 | D:2      | Learned a level 3 spell: Regeneration
  1286 | D:2      | Learned a level 2 spell: Shroud of Golubria
  1289 | D:2      | Learned a level 2 spell: Song of Slaying
  1289 | D:2      | Found a snail-covered altar of Cheibriados.
  1290 | D:2      | Found a shadowy altar of Dithmenos.
  1463 | D:3      | Reached skill level 1 in Translocations
  1541 | D:3      | Reached skill level 1 in Stealth
  1652 | D:3      | Reached XP level 4. HP: 13/25 MP: 6/15
  2186 | D:4      | Learned a level 3 spell: Spectral Weapon
  2492 | D:4      | Reached XP level 5. HP: 29/29 MP: 18/18
  2580 | D:4      | Noticed a sky beast
  2597 | D:4      | Killed a sky beast
  2597 | D:4      | Reached skill level 6 in Spellcasting
  2773 | D:4      | Reached skill level 1 in Armour
  2856 | D:4      | Found a staircase to the Ecumenical Temple.
  2867 | Temple   | Entered the Ecumenical Temple
  2893 | D:5      | Entered Level 5 of the Dungeon
  2921 | D:5      | Reached skill level 1 in Invocations
  2997 | D:5      | Reached XP level 6. HP: 26/35 MP: 19/22
  3027 | D:5      | Reached skill level 1 in Necromancy
  3127 | D:5      | Noticed a slave
  3127 | D:5      | Noticed a slave
  3127 | D:5      | Noticed a slave
  3128 | D:5      | Noticed Pikel
  3128 | D:5      | Noticed a slave
  3162 | D:5      | Killed a slave
  3232 | D:5      | Acquired Sif Muna's first power
  3357 | D:5      | HP: 1/35 [Pikel/whip of freezing (9)]
  3357 | D:5      | Slain by Pikel

Action                   |  1- 3 |  4- 6 || total
-------------------------+-------+-------++-------
Melee: Mace              |    82 |   142 ||   224
 Fire: Sling             |    57 |    69 ||   126
 Cast: Infusion          |    22 |    17 ||    39
       Shroud of Golubri |     6 |    20 ||    26
       Regeneration      |     2 |    11 ||    13
       Song of Slaying   |       |     2 ||     2
Invok: Channel Energy    |       |     4 ||     4
  Use: Scroll            |    12 |     7 ||    19
       Potion            |       |     3 ||     3
